 Dungeon Crawl Stone Soup version 0.25.1-9-gc5326a611f (webtiles) character file.

Game seed: 1659679110564328263

251 alasdair19 the Covered (level 5, 0/47 HPs)
             Began as a Minotaur Fighter on Jan 26, 2022.
             Slain by a goblin (3 damage)
             ... on level 3 of the Dungeon.
             The game lasted 00:20:21 (3489 turns).

alasdair19 the Covered (Minotaur Fighter)           Turns: 3489, Time: 00:20:21

Health: 0/47       AC:  9    Str: 21    XL:     5   Next: 88%
Magic:  4/4        EV:  6    Int:  5    God:
Gold:   124        SH:  9    Dex: 10    Spells: 4/4 levels left

rFire    . . .     SeeInvis .   a - +0 long sword
rCold    . . .     Gourm    .   c - +0 kite shield
rNeg     . . .     Faith    .   k - +0 chain mail
rPois    .         Spirit   .   (helmet restricted)
rElec    .         Reflect  .   (no cloak)
rCorr    .         Harm     .   (no gloves)
MR       .....                  (no boots)
Stlth    ..........             (no amulet)
HPRegen  0.15/turn              (no ring)
MPRegen  0.09/turn              (no ring)

@: no status effects
A: retaliatory headbutt, horns 2
a: no special abilities


You were on level 3 of the Dungeon.
You were not hungry.

You visited 1 branch of the dungeon, and saw 3 of its levels.

You collected 124 gold pieces.

Inventory:

Hand Weapons
 a - a +0 long sword (weapon)
Missiles
 e - 38 stones
 j - 3 boomerangs
 s - 15 poisoned darts (quivered)
Armour
 b - a +0 scale mail
 c - a +0 kite shield (worn)
 k - a +0 chain mail (worn)
Scrolls
 g - a scroll of identify {unknown}
 l - a scroll of teleportation {unknown}
 m - a scroll of enchant weapon {unknown}
Potions
 d - a potion of might
 h - a potion of brilliance {unknown}
 i - a potion of curing {unknown}
 n - a potion of stabbing {unknown}
 o - 2 potions of resistance {unknown}
 p - a potion of berserk rage {unknown}
 q - a potion of experience {unknown}
 r - a potion of heal wounds {unknown}
 u - a potion of degeneration {unknown}
Comestibles
 f - 7 rations
 t - 4 chunks of flesh


   Skills:
 + Level 4.7 Fighting
 + Level 4.4 Long Blades
 + Level 0.9 Throwing
 + Level 5.2 Armour
 + Level 0.8 Dodging
 + Level 4.6 Shields


You had 4 spell levels left.
You didn't know any spells.
Your spell library was empty.

Dungeon Overview and Level Annotations

Branches:
Dungeon (3/15)

Altars:

Annotations:
D:3 Grinder


Innate Abilities, Weirdness & Mutations

You reflexively headbutt those who attack you in melee.
You have a pair of horns on your head.


Message History

The orc throws a boomerang.
You block the boomerang.
The weapon returns to the orc!
The orc throws a boomerang.
The boomerang hits you but does no damage.
The weapon returns to the orc!
Grinder says, "FISH!"
The orc throws a boomerang.
The boomerang hits you but does no damage.
The weapon returns to the orc!
Grinder blinks!
The orc hits you but does no damage.
The orc throws a stone.
You block the stone.
Grinder blinks!
You see here a stone.
You hit the goblin but do no damage. Your headbutt misses the goblin.
You block the goblin's attack. The orc barely misses you.
You furiously retaliate!
You headbutt the orc.
You kill the orc!
The orc throws a stone.
The stone hits you but does no damage.
You completely miss the goblin.
The orc throws a boomerang.
You block the boomerang.
The weapon returns to the orc!
The goblin hits you.
You die...

.o.# ...#.# ...#..
#######...#.# #####
#......o..+.#
#.@g###.###.....#..
#..)..5..##...# ###
#..oo.........# #
##).........### #
#((........#
#..........#
##(.........#
#.........$..#
#.....##.#...#


You could see Grinder, 2 orcs and a goblin.

Vanquished Creatures
  Crazy Yiuf (D:2)
  Jessica (D:2)
  Terence (D:2)
  8 adders
  An ooze (D:2)
  A worm (D:3)
  3 dart slugs (D:1)
  3 leopard geckos
  6 orcs (D:3)
  2 ball pythons
  4 giant cockroaches
  3 goblins
  11 hobgoblins
  8 jackals
  A quokka (D:3)
  9 bats
  5 frilled lizards
  5 kobolds
  8 rats
81 creatures vanquished.

Notes
Turn   | Place    | Note
-------+----------+-------------------------------------------
     0 | D:1      | alasdair19 the Minotaur Fighter began the quest for the
                  | Orb.
     0 | D:1      | Reached XP level 1. HP: 19/19 MP: 0/0
   164 | D:1      | Reached skill level 4 in Armour
   164 | D:1      | Reached XP level 2. HP: 27/27 MP: 1/1
   379 | D:1      | Reached XP level 3. HP: 11/33 MP: 2/2
  1079 | D:2      | Noticed Terence
  1110 | D:2      | Killed Terence
  1343 | D:2      | Reached XP level 4. HP: 40/40 MP: 3/3
  1512 | D:2      | Noticed Jessica
  1519 | D:2      | Killed Jessica
  1519 | D:2      | Reached skill level 5 in Armour
  1884 | D:2      | Reached XP level 5. HP: 43/47 MP: 4/4
  2203 | D:2      | Found a runed translucent door.
  2204 | D:2      | Noticed Crazy Yiuf
  2211 | D:2      | Killed Crazy Yiuf
  3447 | D:3      | Noticed Grinder
  3451 | D:3      | Paralysed by Grinder for 6 turns
  3481 | D:3      | HP: 2/47 [orc/+0 dagger (2)]
  3489 | D:3      | Slain by a goblin

Illustrated notes

Levels and vault maps discovered:
D:1:      dpeg_arrival_tiny_a, layout_rooms, minmay_distorted
D:2:      layout_basic, first_ration, chequers_mini_garden, minmay_tromino_v2,
          uniq_crazy_yiuf_cottage, uniq_terence, uniq_jessica
D:3:      layout_basic, minmay_misc_feat_room, uniq_grinder

Skill      XL: |  1  2  3  4  5 |
---------------+----------------+-----
Armour         | 4 5 |  5.2
Fighting       | 4 |  4.7
Long Blades    | 3 4 |  4.4
Shields        | 4 |  4.6
Throwing       | |  0.9
Dodging        | |  0.8

Action                   |  1- 3 |  4- 6 || total
-------------------------+-------+-------++-------
Melee: Long sword        |    66 |    99 ||   165
       Headbutt          |    10 |    17 ||    27
Throw: Boomerang         |    21 |    12 ||    33
       Dart              |       |    10 ||    10
  Eat: Chunk             |       |     8 ||     8
Armor: Scale mail        |    38 |       ||    38
       Chain mail        |    20 |   112 ||   132
Dodge: Dodged            |    39 |    51 ||    90
Block: Kite shield       |    56 |   110 ||   166
       Rpst.: Long sword |     8 |    12 ||    20
